SL
WIZARDING EXPRESS @ PHILADELPHIA 1776 BC
05/30/2032
 
TOP OF THE 1ST
Wizarding Express batting - Pitching for Philadelphia 1776 BC : RHP Bill Tugwell
Pitching: RHP Bill Tugwell
Batting: RHB Ralph Cranford 0-0: Ball
1-0: Ball
2-0: Ball
3-0: Called Strike
3-1: Swinging Strike
3-2: Fly out, F7 (Flyball, 7LD)
Batting: LHB Cris Gonzáles 0-0: Foul Ball, location: 2F
0-1: Foul Ball, location: 2F
0-2: Fly out, F7 (Flyball, 7)
Batting: LHB Nathan Tanner 0-0: Ball
1-0: Called Strike
1-1: Foul Ball, location: 2F
1-2: Ball
2-2: Foul Ball, location: 2F
2-2: Ball
3-2: Fly out, F7 (Flyball, 78S)
Top of the 1st over - 0 runs, 0 hits, 0 errors, 0 left on base; Wizarding 0 - Philadelphia 1776 0
BOTTOM OF THE 1ST
Philadelphia 1776 BC batting - Pitching for Wizarding Express : RHP Juan Torres
Pitching: RHP Juan Torres
Batting: LHB Kelvin Abbott 0-0: Called Strike
0-1: Ball
1-1: Foul Ball, location: 2F
1-2: Fly out, F6 (Popup, 6S)
Batting: RHB Mario Castillo 0-0: Foul Ball, location: 2F
0-1: Swinging Strike
0-2: Ball
1-2: Ball
2-2: Ball
3-2: Base on Balls
Pitching: RHP Marv Bradford
Batting: LHB Manoo Satyavrat 0-0: Foul Ball, location: 2F
0-1: Ball
1-1: Ball
2-1: Called Strike
2-2: Strikes out looking
Batting: RHB Karl Blanke 0-0: Ball
1-0: Foul Ball, location: 2F
1-1: Ball
2-1: Swinging Strike
2-2: Ball
3-2: Strikes out looking
Bottom of the 1st over - 0 runs, 0 hits, 0 errors, 1 left on base; Wizarding 0 - Philadelphia 1776 0
TOP OF THE 2ND
Wizarding Express batting - Pitching for Philadelphia 1776 BC : RHP Bill Tugwell
Batting: LHB José Corona 0-0: Ball
1-0: Ball
2-0: Ball
3-0: Called Strike
3-1: Swinging Strike
3-2: Foul Ball, location: 2F
3-2: Foul Ball, location: 2F
3-2: Base on Balls
Batting: SHB Salvador Trevino 0-0: Ball
1-0: Swinging Strike
1-1: Foul Ball, location: 2F
1-2: Foul Ball, location: 2F
1-2: Fly out, F7 (Flyball, 78S)
Batting: RHB Frank Grimes 0-0: Ball
1-0: Grounds into double play, 6-4-3 (Groundball, 6)
Top of the 2nd over - 0 runs, 0 hits, 0 errors, 0 left on base; Wizarding 0 - Philadelphia 1776 0
BOTTOM OF THE 2ND
Philadelphia 1776 BC batting - Pitching for Wizarding Express : RHP Marv Bradford
Batting: SHB Sam Quint 0-0: Ball
1-0: SINGLE (Groundball, 6MD)
Batting: LHB José Rodríguez 0-0: Called Strike
0-1: Foul Ball, location: 2F
0-2: Foul Ball, location: 2F
0-2: Ball
1-2: Ball
2-2: Ball
3-2: Base on Balls
Sam Quint to second
Batting: RHB Phil Moore 0-0: Ball
1-0: Fly out, F7 (Flyball, 78M)
Batting: RHB Kevin Malone 0-0: Called Strike
0-1: Ball
1-1: Swinging Strike
1-2: Strikes out looking
Batting: RHB Mikko Haataja 0-0: Ball
1-0: Ball
2-0: Ball
3-0: Base on Balls
Sam Quint to third
José Rodríguez to second
Batting: LHB Kelvin Abbott 0-0: Called Strike
0-1: Ball
1-1: SINGLE (Groundball, 4MS) (infield hit)
Sam Quint scores
José Rodríguez to third
Mikko Haataja to second
Batting: RHB Mario Castillo 0-0: Fly out, F7 (Flyball, 78S)
Bottom of the 2nd over - 1 run, 2 hits, 0 errors, 3 left on base; Wizarding 0 - Philadelphia 1776 1
TOP OF THE 3RD
Wizarding Express batting - Pitching for Philadelphia 1776 BC : RHP Bill Tugwell
Batting: RHB Gustavo Mateo 0-0: Ball
1-0: Ball
2-0: Called Strike
2-1: SINGLE (Line Drive, 7LS)
Batting: SHB Fernando Sánchez 0-0: Called Strike
0-1: Ball
1-1: Ball
2-1: Swinging Strike
2-2: Strikes out swinging
Batting: SHB Jake Richardson 0-0: Grounds into double play, 4-6-3 (Groundball, 34D)
Top of the 3rd over - 0 runs, 1 hit, 0 errors, 0 left on base; Wizarding 0 - Philadelphia 1776 1
BOTTOM OF THE 3RD
Philadelphia 1776 BC batting - Pitching for Wizarding Express : RHP Marv Bradford
Batting: LHB Manoo Satyavrat 0-0: Foul Ball, location: 2F
0-1: Ball
1-1: Ball
2-1: Foul Ball, location: 2F
2-2: Ground out 6-3 (Groundball, 6)
Batting: RHB Karl Blanke 0-0: Ball
1-0: Called Strike
1-1: Called Strike
1-2: Ground out 1-3 (Groundball, 13)
Pitching: LHP Hao Wei
Batting: SHB Sam Quint 0-0: Ball
1-0: Foul Ball, location: 2F
1-1: Ball
2-1: Swinging Strike
2-2: Foul Ball, location: 2F
2-2: Ground out 6-3 (Groundball, 6)
Bottom of the 3rd over - 0 runs, 0 hits, 0 errors, 0 left on base; Wizarding 0 - Philadelphia 1776 1
TOP OF THE 4TH
Wizarding Express batting - Pitching for Philadelphia 1776 BC : RHP Bill Tugwell
Batting: RHB Ralph Cranford 0-0: Called Strike
0-1: Ball
1-1: Fly out, F8 (Flyball, 8LD)
Batting: LHB Cris Gonzáles 0-0: Ball
1-0: Fly out, F8 (Line Drive, 78D)
Batting: LHB Nathan Tanner 0-0: Ball
1-0: Ball
2-0: Swinging Strike
2-1: SINGLE (Flyball, 89M)
Batting: LHB José Corona 0-0: Ball
1-0: Called Strike
1-1: Ball
2-1: Ball
3-1: Fly out, F5 (Popup, 6S)
Top of the 4th over - 0 runs, 1 hit, 0 errors, 1 left on base; Wizarding 0 - Philadelphia 1776 1
BOTTOM OF THE 4TH
Philadelphia 1776 BC batting - Pitching for Wizarding Express : LHP Hao Wei
Batting: LHB José Rodríguez 0-0: Ball
1-0: Ball
2-0: Foul Ball, location: 2F
2-1: Called Strike
2-2: Foul Ball, location: 2F
2-2: Ball
3-2: Base on Balls
Batting: RHB Phil Moore 0-0: DOUBLE (Flyball, 8LXD)
José Rodríguez to third
Batting: RHB Kevin Malone 0-0: Called Strike
0-1: Ball
1-1: Ball
2-1: SINGLE (Groundball, 56D)
José Rodríguez scores
Phil Moore to third
Runner from 3rd tries for Home, throw and OUT!
Kevin Malone to second
Batting: RHB Mikko Haataja 0-0: Ball
1-0: Called Strike
1-1: Swinging Strike
1-2: Strikes out swinging
Batting: LHB Kelvin Abbott 0-0: Called Strike
0-1: Foul Ball, location: 2F
0-2: Ball
1-2: Fly out, F8 (Flyball, 8RD)
Bottom of the 4th over - 1 run, 2 hits, 0 errors, 1 left on base; Wizarding 0 - Philadelphia 1776 2
TOP OF THE 5TH
Wizarding Express batting - Pitching for Philadelphia 1776 BC : RHP Bill Tugwell
Batting: SHB Salvador Trevino 0-0: Foul Ball, location: 2F
0-1: Ball
1-1: Ball
2-1: Foul Ball, location: 2F
2-2: Fly out, F8 (Flyball, 8RXD)
Batting: RHB Frank Grimes 0-0: Called Strike
0-1: Ball
1-1: Foul Ball, location: 2F
1-2: Foul Ball, location: 2F
1-2: Ball
2-2: Strikes out looking
Batting: RHB Gustavo Mateo 0-0: Called Strike
0-1: Ball
1-1: Ball
2-1: Called Strike
2-2: Foul Ball, location: 2F
2-2: Ball
3-2: Strikes out swinging
Top of the 5th over - 0 runs, 0 hits, 0 errors, 0 left on base; Wizarding 0 - Philadelphia 1776 2
BOTTOM OF THE 5TH
Philadelphia 1776 BC batting - Pitching for Wizarding Express : LHP Hao Wei
Batting: RHB Mario Castillo 0-0: Ground out 6-3 (Groundball, 6)
Batting: LHB Manoo Satyavrat 0-0: DOUBLE (Flyball, 8LXD)
Batting: RHB Karl Blanke 0-0: Ball
1-0: Called Strike
Manoo Satyavrat steals 3rd base
1-1: Ball
2-1: Ball
3-1: Base on Balls
Batting: SHB Sam Quint 0-0: Ball
1-0: Called Strike
1-1: Ball
2-1: Ball
3-1: Fielders Choice at 2nd, 6-4 (Groundball, 56)
Manoo Satyavrat scores
Batting: LHB José Rodríguez 0-0: Called Strike
0-1: Ball
1-1: Called Strike
1-2: Strikes out swinging
Bottom of the 5th over - 1 run, 1 hit, 0 errors, 1 left on base; Wizarding 0 - Philadelphia 1776 3
TOP OF THE 6TH
Wizarding Express batting - Pitching for Philadelphia 1776 BC : RHP Bill Tugwell
Batting: SHB Fernando Sánchez 0-0: Ball
1-0: Called Strike
1-1: Foul Ball, location: 2F
1-2: Ball
2-2: Foul Ball, location: 2F
2-2: Strikes out swinging
Batting: SHB Jake Richardson 0-0: Fly out, F8 (Flyball, 89D)
Batting: RHB Ralph Cranford 0-0: Called Strike
0-1: Swinging Strike
0-2: Ball
1-2: Strikes out swinging
Top of the 6th over - 0 runs, 0 hits, 0 errors, 0 left on base; Wizarding 0 - Philadelphia 1776 3
BOTTOM OF THE 6TH
Philadelphia 1776 BC batting - Pitching for Wizarding Express : LHP Hao Wei
Pitching: RHP Juan Cantú
Batting: RHB Phil Moore 0-0: Ball
1-0: Called Strike
1-1: Fly out, F9 (Flyball, 9LS)
Batting: RHB Kevin Malone 0-0: Ball
1-0: SINGLE (Line Drive, 7S)
Batting: RHB Mikko Haataja 0-0: Swinging Strike
0-1: Ball
1-1: Ball
2-1: Called Strike
2-2: Foul Ball, location: 2F
2-2: Ball
3-2: Fielders Choice at 2nd, 1-4 (Groundball, 15S)
Batting: LHB Kelvin Abbott 0-0: Ball
1-0: Called Strike
1-1: Ball
Mikko Haataja is caught stealing 2nd base
Bottom of the 6th over - 0 runs, 1 hit, 0 errors, 0 left on base; Wizarding 0 - Philadelphia 1776 3
TOP OF THE 7TH
Wizarding Express batting - Pitching for Philadelphia 1776 BC : RHP Bill Tugwell
Batting: LHB Cris Gonzáles 0-0: Called Strike
0-1: Called Strike
0-2: Ball
1-2: Ground out 4-3 (Groundball, 4M)
Batting: LHB Nathan Tanner 0-0: Ball
1-0: Ball
2-0: Swinging Strike
2-1: Foul Ball, location: 2F
2-2: Foul Ball, location: 2F
2-2: Fly out, F8 (Flyball, 8LM)
Batting: LHB José Corona 0-0: Ground out 4-3 (Groundball, 4)
Top of the 7th over - 0 runs, 0 hits, 0 errors, 0 left on base; Wizarding 0 - Philadelphia 1776 3
BOTTOM OF THE 7TH
Philadelphia 1776 BC batting - Pitching for Wizarding Express : RHP Juan Cantú
Batting: LHB Kelvin Abbott 0-0: Called Strike
0-1: Ball
1-1: Foul Ball, location: 2F
1-2: Strikes out swinging
Batting: RHB Mario Castillo 0-0: Ball
1-0: Called Strike
1-1: Ground out U3 (Groundball, 34)
Batting: LHB Manoo Satyavrat 0-0: Ball
1-0: Swinging Strike
1-1: Called Strike
1-2: Ball
2-2: Strikes out swinging
Bottom of the 7th over - 0 runs, 0 hits, 0 errors, 0 left on base; Wizarding 0 - Philadelphia 1776 3
TOP OF THE 8TH
Wizarding Express batting - Pitching for Philadelphia 1776 BC : RHP Bill Tugwell
Batting: SHB Salvador Trevino 0-0: Swinging Strike
0-1: SOLO HOME RUN (Flyball, 9LD), Distance : 362 ft
Batting: RHB Frank Grimes 0-0: Swinging Strike
0-1: Called Strike
0-2: Strikes out swinging
Batting: RHB Gustavo Mateo 0-0: Swinging Strike
0-1: Called Strike
0-2: Strikes out swinging
Batting: SHB Fernando Sánchez 0-0: Foul Ball, location: 2F
0-1: Ball
1-1: Swinging Strike
1-2: Foul Ball, location: 2F
1-2: Fly out, F4 (Line Drive, 4)
Top of the 8th over - 1 run, 1 hit, 0 errors, 0 left on base; Wizarding 1 - Philadelphia 1776 3
BOTTOM OF THE 8TH
Philadelphia 1776 BC batting - Pitching for Wizarding Express : RHP Juan Cantú
Batting: RHB Karl Blanke 0-0: Called Strike
0-1: Swinging Strike
0-2: Foul Ball, location: 2F
0-2: Ball
1-2: Foul Ball, location: 2F
1-2: Fly out, F5 (Line Drive, 5)
Batting: SHB Sam Quint 0-0: Ball
1-0: Called Strike
1-1: Foul Ball, location: 2F
1-2: Strikes out swinging, 2-3 out at first.
Batting: LHB José Rodríguez 0-0: Foul Ball, location: 2F
0-1: Ball
1-1: Ball
2-1: Swinging Strike
2-2: Ball
3-2: Base on Balls
Batting: RHB Phil Moore 0-0: Called Strike
0-1: Ball
1-1: Ball
2-1: Fly out, F8 (Flyball, 89M)
Bottom of the 8th over - 0 runs, 0 hits, 0 errors, 1 left on base; Wizarding 1 - Philadelphia 1776 3
TOP OF THE 9TH
Wizarding Express batting - Pitching for Philadelphia 1776 BC : RHP Bill Tugwell
Now at 1B: Eddie Sachs
Batting: SHB Jake Richardson 0-0: Ball
1-0: Foul Ball, location: 2F
1-1: Swinging Strike
1-2: Ball
2-2: Foul Ball, location: 2F
2-2: Strikes out swinging
Pitching: RHP Tony Solíz
Batting: RHB Ralph Cranford 0-0: Called Strike
0-1: Ball
1-1: SINGLE (Line Drive, 6MD)
Batting: LHB Cris Gonzáles 0-0: Called Strike
0-1: Ball
1-1: Ball
2-1: Ball
3-1: Swinging Strike
3-2: Base on Balls
Ralph Cranford to second
Batting: LHB Nathan Tanner 0-0: Foul Ball, location: 2F
0-1: Fly out, F7 (Flyball, 78M)
Batting: LHB José Corona 0-0: Called Strike
0-1: Fly out, F7 (Flyball, 7LS)
Top of the 9th over - 0 runs, 1 hit, 0 errors, 2 left on base; Wizarding 1 - Philadelphia 1776 3
Wednesday, September 19th, 2018 - OOTP Baseball 18.8 Build 76